Description

Economic build to lurker hydra

Build Order

Why is there no SALT encoding or Overwolf build?

    2:10  Drone for third base Drone  
    3:20   Baneling Nest, Evolution Chamber  
    4:15   Roach Warren  
    4:30   Lair  
    4:35  second in natural Extractor  
    5:20   Extractor x2  
    5:45  fourth, Roach speed Hatchery, Glial Reconstitution  
    6:00   Evolution Chamber, Zerg Missile Weapons Level 2  
    6:20   Hydralisk Den  
    6:30   Zerg Ground Armor Level 1  
    6:50  Hydra speed Lurker Den  
Spawning Tool Build Advisor. Get it on Overwolf

Go to:

Details

  • Created by: droneamove
  • Published on: Sep 13, 2020
  • Modified on: Sep 13, 2020
  • Patch: 4.11.0
  • Difficulty: Medium
Show

Export as new Build Order

Comments (1)

On Dec. 30, 2020, 4:55 p.m., siowy  said:

what is "second in natural Extractor" at 4:35?

Create an account to comment!